 Dungeon Crawl Stone Soup version 0.27-a0-720-g3f424a255b (console) character file.

Game seed: 17172242532951623904

611 Gather the Chiller (level 7, -2/45 HPs)
             Began as an Octopode Ice Elementalist on Mar 22, 2021.
             Was a Follower of the Shining One.
             Shot with an arrow by a centaur (11 damage)
             ... on level 5 of the Dungeon on Mar 23, 2021.
             The game lasted 00:34:39 (7434 turns).

Gather the Chiller (Octopode Ice Elementalist)      Turns: 7434, Time: 00:34:40

Health: -2/45      AC:  1    Str:  7    XL:     7   Next: 44%
Magic:  10/10      EV: 13    Int: 18    God:    the Shining One [*.....]
Gold:   259        SH:  5    Dex: 14    Spells: 3/10 levels left

rFire    . . .     SeeInvis .   a - +2 dagger (elec)
rCold    . . .     Faith    .   j - +0 buckler
rNeg     . . .     Spirit   .   (helmet restricted)
rPois    .         Reflect  .   (no amulet)
rElec    .         Harm     .   (no ring)
rCorr    .         Rampage  .   (no ring)
Will     .....                  (no ring)
Stlth    ++........             (no ring)
HPRegen  0.15/turn              (no ring)
MPRegen  0.12/turn              (no ring)
                                (no ring)
                                (no ring)

@: brilliant, glowing
A: almost no armour, amphibious, 8 rings, camouflage 1, gelatinous body 1,
nimble swimmer 1, tentacles
a: Renounce Religion


You were on level 5 of the Dungeon.
You worshipped the Shining One.
The Shining One was aware of your devotion.
You visited 1 branch of the dungeon, and saw 5 of its levels.

You collected 259 gold pieces.

Inventory:

Hand Weapons
 a - a +2 dagger of electrocution (weapon)
 b - a +0 hunting sling
 e - a +0 short sword
 f - a +0 short sword
 k - a +0 club
 o - a +0 dagger
 s - a +0 falchion
Missiles
 g - 27 bolts
 h - 85 stones
 l - 50 sling bullets
Armour
 j - a +0 buckler (worn)
Wands
 q - a wand of flame (6)
 u - a wand of digging (6)
Scrolls
 c - a scroll of fog
 i - a scroll of vulnerability
Potions
 d - a potion of ambrosia
 m - a potion of curing
 n - a potion of brilliance
 p - 2 potions of haste
 r - a potion of heal wounds {unknown}
 t - a potion of attraction {unknown}
 v - a potion of degeneration {unknown}


   Skills:
 + Level 2.2 Fighting
 - Level 1.8 Short Blades
 + Level 3.1 Dodging
 + Level 3.2 Stealth
 + Level 3.3 Shields
 + Level 2.2 Spellcasting
 + Level 6.5 Ice Magic


You had 3 spell levels left.
You knew the following spells:

 Your Spells              Type           Power      Damage    Failure   Level
a - Freeze                Ice            100%       1d11      1%          1
i - Ozocubu's Armour      Ice            38%        N/A       3%          3
x - Frozen Ramparts       Ice            76%        1d9       3%          3

Your spell library contained the following spells:

 Spells                   Type           Power      Damage    Failure   Level
 Magic Dart               Conj           12%        1d3       19%         1
 Searing Ray              Conj           6%         3d3       28%         2
 Dazzling Flash           Conj/Hex       6%         N/A       50%         3
 Hailstorm                Conj/Ice       20%        3d6       45%         4
 Summon Ice Beast         Ice/Summ       20%        N/A       45%         4
 Fulminant Prism          Conj/Hex       1%         3d6       88%         4
 Iskenderun's Mystic Bla  Conj/Tloc      3%         2d3       88%         4


Dungeon Overview and Level Annotations

Branches:
Dungeon (5/15)             Temple (0/1) D:4

Altars:
Dithmenos
Kikubaaqudgha
Makhleb
Nemelex Xobeh
Ru
The Shining One

Annotations:
D:3 1 runed translucent door, Regoshi's ghost, amateur DsCK


Innate Abilities, Weirdness & Mutations

You cannot wear most types of armour.
You are amphibious.
You can wear up to eight rings at the same time.
Your skin changes colour to match your surroundings (Stealth+).
Your rubbery body absorbs attacks. (AC +1, EV +1)
You are stealthy while swimming. (Stealth+)
You have tentacles for arms and can constrict up to eight enemies at once.


Message History

Casting: Frozen Ramparts (dangerous; 3% risk of failure)
Confirm with . or Enter, or press ? or * to list all spells.
Casting: Frozen Ramparts (dangerous; 3% risk of failure)
Press: ? - help, Dir - look around, f - activate This square is lit by a halo.
The walls around you are covered in ice.
An orc comes into view. It is wielding a +0 whip.
The wall freezes the orc. x2; You block the orc's attack.
You hit the orc. Lightning courses through the orc!!
You kill the orc!
The wall freezes the orc.
You kill the orc!
The wall freezes the orc!
You kill the orc!
The frozen ramparts melt away.
Items here: )) ††.
You see here a +0 club.
Things that are here:
a +0 whip; a +0 leather armour An ice beast comes into view.
A centaur comes into view. It is wielding a +0 whip.
Okay, then.
Things that are here:
a +0 whip; a +0 leather armour You see here a +0 club.
Items here: )) ††.
Found 25 arrows.
The centaur shouts!
The centaur unwields a +0 whip.
The centaur wields a +0 shortbow.
The centaur shoots an arrow.
The arrow hits you!
Found 28 stones.
The centaur shoots an arrow.
The arrow barely misses you.
The centaur shoots an arrow.
The arrow hits you!
The centaur shoots an arrow.
The arrow hits you!
* * * LOW HITPOINT WARNING * * *
Okay, then.
As you read the scroll of fog, it crumbles to dust.
The scroll dissolves into smoke.
It was a potion of brilliance.
You feel clever all of a sudden.
The centaur shoots an arrow.
The arrow hits you!
You die...

#.........####.c..#
'..[......+ .....(.
#.........# #...Y#
##.......##
##.#c#### ##.....##
#.......# ##.).##
#.##.##.# ##+## #
#..##.# #.#
#.#§###.# #.#
#§#c###)# ##.####
#§§§§§§.#
####.....#
###@#####
..(......#######§#
####...........§.#
##.##.#########
#....# #.#### #.#
#.# #.#


You could see a centaur.

Vanquished Creatures
  An ogre (D:4)
  An orc priest (D:4)
  3 iguanas
  3 orc wizards
  A worker ant (D:4)
  Robin (D:4)
  8 gnolls
  6 adders
  A white imp (D:4)
  An ufetubus (D:5)
  An ooze (D:3)
  An adder skeleton (D:5)
  4 worms
  23 orcs
  A ball python (D:1)
  A ghost (D:4)
  6 giant cockroaches
  18 goblins
  14 hobgoblins
  7 jackals
  5 quokkas
  6 bats
  7 frilled lizards
  10 kobolds
  4 rats
134 creatures vanquished.

Notes
Turn   | Place    | Note
-------+----------+-------------------------------------------
     0 | D:1      | Gather the Octopode Ice Elementalist began the quest for
                  | the Orb.
     0 | D:1      | Reached XP level 1. HP: 11/11 MP: 3/3
   329 | D:1      | Reached XP level 2. HP: 17/17 MP: 1/5
   841 | D:1      | Reached XP level 3. HP: 18/21 MP: 3/6
   849 | D:1      | Learned a level 3 spell: Frozen Ramparts
  1062 | D:1      | Reached skill level 5 in Ice Magic
  1849 | D:2      | Reached XP level 4. HP: 27/27 MP: 3/7
  1927 | D:2      | Found a glowing golden altar of the Shining One.
  1932 | D:2      | Became a worshipper of the Shining One
  2161 | D:2      | Found a sparkling altar of Nemelex Xobeh.
  2218 | D:2      | Found a burning altar of Makhleb.
  2361 | D:2      | Found an ancient bone altar of Kikubaaqudgha.
  2394 | D:2      | Reached skill level 6 in Ice Magic
  2741 | D:2      | Learned a level 3 spell: Ozocubu's Armour
  3136 | D:3      | Reached XP level 5. HP: 31/31 MP: 3/8
  3274 | D:3      | Found a shadowy altar of Dithmenos.
  3701 | D:3      | Found a runed translucent door.
  3708 | D:3      | Noticed Regoshi's ghost (amateur DsCK)
  3873 | D:3      | Reached skill level 1 in Fighting
  4583 | D:3      | Upgraded the game from 0.27-a0-695-gb4952372f7 to
                  | 0.27-a0-720-g3f424a255b
  4616 | D:4      | Reached skill level 1 in Short Blades
  4877 | D:4      | Noticed an ogre
  4930 | D:4      | Found a staircase to the Ecumenical Temple.
  4945 | D:4      | Reached XP level 6. HP: 38/38 MP: 3/9
  5187 | D:4      | Identified the +0 helmet of Subjectivity {rF+}
  5187 | D:4      | Noticed Robin
  5197 | D:4      | Killed Robin
  6110 | D:4      | Reached XP level 7. HP: 33/44 MP: 0/10
  6687 | D:5      | Entered Level 5 of the Dungeon
  6687 | D:5      | Found a sacrificial altar of Ru.
  6698 | D:4      | Reached * piety under the Shining One
  7434 | D:5      | Shot with an arrow by a centaur

Illustrated notes

Levels and vault maps discovered:
D:1:      matt_arrival_refuge, layout_basic, minivault_27, interstate_on_off
D:2:      layout_loops_ring, bloody_makhleb, nemelex_xobeh_ov_fountains_minmay,
          kiku_gazebo_pond_becter, lemuel_crystal_altar
D:3:      layout_rooms, nicolae_dithmenos_through_a_glass_darkly,
          serial_co_window_serial, co_window_paths_b, co_window_corner_a,
          co_window_corner_a, co_window_corner_a, co_window_paths_b,
          co_window_corner_b, co_window_2corner, co_window_of_opportunity_c,
          co_window_of_opportunity_b, co_window_of_opportunity_b,
          co_window_4corner_b, co_window_sun, glass_columns_a,
          ebering_ghost_sewer_d, minmay_vboxes
D:4:      layout_cave_pools, minmay_temple_entry_drinking_statues,
          serial_co_window_serial, co_window_paths_a, co_window_corner_a,
          co_window_paths_b, co_window_paths_a, co_window_paths_b,
          co_window_cross_1, co_window_of_opportunity_a, co_window_corner_cb,
          co_window_unsneaky_path_a, co_window_unsneaky_path_d,
          co_window_unsneaky_path_a, co_window_of_opportunity_b,
          co_window_4corner_b, co_window_paths_d, glass_columns_a,
          glass_columns_a, glass_columns_a, glass_columns_b,
          lemuel_old_faithful, uniq_robin
D:5:      layout_loops_corners, basic_altar

Skill      XL: |  1  2  3  4  5  6  7 |
---------------+----------------------+-----
Ice Magic      | 5 6 |  6.5
Fighting       | 1 2 |  2.2
Short Blades   | 1 |  1.8
Shields        | 3 |  3.3
Dodging        | 3 |  3.1
Stealth        | 3 |  3.2
Spellcasting   | |  2.2

Action                   |  1- 3 |  4- 6 |  7- 9 || total
-------------------------+-------+-------+-------++-------
Melee: Dagger            |    15 |    42 |    16 ||    73
       Constrict         |     4 |    11 |     7 ||    22
       Tentacles         |     3 |     2 |     1 ||     6
       Club              |     1 |       |       ||     1
 Fire: Hunting sling     |     2 |    39 |    10 ||    51
Throw: Stone             |    18 |     9 |       ||    27
 Cast: Freeze            |    37 |     6 |       ||    43
       Frozen Ramparts   |     5 |    34 |    10 ||    49
       Ozocubu's Armour  |       |    16 |     8 ||    24
  Use: Scroll            |       |     7 |     3 ||    10
       Potion            |       |       |     1 ||     1
 Stab: Sleeping          |     3 |       |       ||     3
Armor: Skin              |     2 |     8 |     3 ||    13
Dodge: Dodged            |    24 |    32 |    15 ||    71
Block: Buckler           |       |     3 |     6 ||     9

Table legend: (Time is in decaauts)
 A = Elapsed time spent in this place.
 B = Non-inter-level travel time spent in this place.
 C = Inter-level travel time spent in this place.
 D = Time resting spent in this place.
 E = Time spent auto-exploring this place.
 F = Levels seen in this place.
 G = Mean time per level.
                   A        B        C        D        E       F      G
               +--------+--------+--------+--------+--------+-----+--------+
         Total |   7439 |   7140 |    299 |    651 |   5405 |   5 | 1487.8 |
       Dungeon |   7439 |   7140 |    299 |    651 |   5405 |   5 | 1487.8 |
               +--------+--------+--------+--------+--------+-----+--------+

Top non-repeatable levels by time:
     D:4: 2135 daAuts
     D:3: 1998 daAuts
     D:1: 1641 daAuts
     D:2: 1117 daAuts
     D:5: 546 daAuts
